 Dungeon Crawl Stone Soup version 0.20.0-10-g0535bb4 (webtiles) character file.

1356 Gorglomux the Grappler (level 8, -9/67 HPs)
             Began as a Naga Transmuter on June 5, 2017.
             Was a Follower of Cheibriados.
             Mangled by a purple ugly thing (10 damage)
             ... on level 6 of the Dungeon.
             The game lasted 00:09:59 (6111 turns).

Gorglomux the Grappler (Naga Transmuter)            Turns: 6111, Time: 00:10:00

Health: -9/67      AC:  4    Str: 15    XL:     8   Next: 64%
Magic:  17/20      EV:  9    Int: 20    God:    Cheibriados [*.....]
Gold:   338        SH:  0    Dex: 13    Spells: 5/11 levels left

rFire    . . .     SeeInvis +     - Unarmed
rCold    . . .     Gourm    .   (no shield)
rNeg     . . .     Faith    .   b - +0 robe
rPois    +         Spirit   .   N - +1 hat
rElec    .         Reflect  .   (no cloak)
rCorr    .         Harm     .   (no gloves)
MR       +....                  (no barding)
Stlth    +.........             (no amulet)
Regen    0.3/turn               D - ring of magical power
MPRegen  0.2/turn               R - +2 ring of intelligence

@: short of breath, drained, very slow
A: see invisible, deformed body, poison resistance, slowness 2, slow metabolism
1, spit poison 1, AC +2
a: Spit Poison, Bend Time, Renounce Religion


You were on level 6 of the Dungeon.
You worshipped Cheibriados.
Cheibriados was aware of your devotion.
You were not hungry.

You visited 2 branches of the dungeon, and saw 7 of its levels.

You collected 338 gold pieces.

Inventory:

Missiles
 a - 155 arrows
Armour
 b - a +0 robe (worn)
 N - a +1 hat (worn)
Jewellery
 l - an uncursed ring of flight
 D - a ring of magical power (left hand)
 R - a +2 ring of intelligence (right hand)
Scrolls
 g - a scroll of recharging {unknown}
 j - 2 scrolls of immolation {unknown}
 m - 2 scrolls of remove curse
 B - 2 scrolls of blinking
 E - a scroll of enchant armour {unknown}
 M - 2 scrolls of magic mapping
 O - 3 scrolls of teleportation {unknown}
 W - a scroll of fog {unknown}
 Z - a scroll of amnesia {unknown}
Potions
 o - a potion of lignification
 C - 4 potions of berserk rage
 G - a potion of degeneration
 K - a potion of invisibility
 Q - 2 potions of curing
 S - 3 potions of flight
 T - a potion of cancellation {unknown}
 V - a potion of mutation {unknown}
 X - a potion of heal wounds {unknown}
Books
 c - a book of Changes

   Spells                             Type                      Level
   a - Beastly Appendage              Transmutation                1
   b - Sticks to Snakes               Transmutation                2
   c - Spider Form                    Transmutation/Poison         3
   d - Ice Form                       Ice/Transmutation            4
   e - Blade Hands                    Transmutation                5
Comestibles
 d - 5 bread rations
 z - 2 meat rations
 U - 11 fruits
 Y - 3 royal jellies


   Skills:
 - Level 2.0(1.3) Fighting
 - Level 1.5(0.9) Dodging
 + Level 8.0(7.2) Unarmed Combat
 - Level 2.0(1.3) Spellcasting
 + Level 7.1(6.3) Transmutations
 - Level 1.1(0.5) Poison Magic


You had 5 spell levels left.
You knew the following spells:

 Your Spells              Type           Power        Failure   Level  Hunger
a - Beastly Appendage     Tmut           ####..       1%          1    ##.....
b - Sticks to Snakes      Tmut           ####....     1%          2    ###....
c - Spider Form           Tmut/Pois      ###.......   12%         3    ####...


Dungeon Overview and Level Annotations

Branches:
Dungeon (6/15)             Temple (1/1) D:5

Altars:
Ashenzari
Cheibriados
Dithmenos
Elyvilon
Fedhas
Gozag
Makhleb
Nemelex Xobeh
Qazlal
Uskayaw
Vehumet
Xom
Yredelemnul
Zin
The Shining One

Shops:
D:5 *


Innate Abilities, Weirdness & Mutations

You cannot wear boots.
Your serpentine skin is tough. (AC +2)
You have supernaturally acute eyesight. (SInv)
Armour fits poorly on your strangely shaped body.
Your system is resistant to poisons. (rPois)
You cover ground very slowly.
You have a slow metabolism.
You can spit poison.


Message History

Casting: Spider Form
Confirm with . or Enter, or press ? or * to list all spells.
Okay, then.
Casting: Spider Form
Confirm with . or Enter, or press ? or * to list all spells.
You create 2 snakes!
You now have 155 arrows.
The orc hits you with a mace.
* * * LOW HITPOINT WARNING * * *
The purple ugly thing stings you.
* * * LOW HITPOINT WARNING * * *
Unknown command.
Your ball python barely misses the orc.
Your ball python grabs the orc.
Your ball python constricts the orc.
Your ball python bites the orc.
Your ball python constricts the orc.
Your ball python barely misses the purple ugly thing.
Your ball python grabs the purple ugly thing.
Your ball python constricts the purple ugly thing.
The orc hits you with a mace!
* * * LOW HITPOINT WARNING * * *
The purple ugly thing stings you!
You die...

,* **,###..* ####..........# ,*
**,,,...#* ##.........##
,*****,,*##.#* #..........##
,,**,,,** #..* #...........#
,,,,,,,** #..#* #.####.......
***,,,,,**##..#* ###)####.......
**,,,,,,,#...)####.....#......##
**,,,,,,,,,,,#)uS!..###........#
,,,,,,*,,,***##o@..## ###.....##
,,***,,,,** #..S..#* ##....# ***
**,,** #.#....# #....# * ****
###..### ##...# * #.## #..## *
### ####


You could see a purple ugly thing, an orc and 2 friendly ball pythons.

Vanquished Creatures
  An orc warrior (D:5)
  An ice beast (D:6)
  2 phantoms
  A centaur (D:5)
  A scorpion (D:4)
  A howler monkey (D:5)
  3 crimson imps (D:5)
  2 orc priests
  A hound (D:6)
  A bullfrog zombie (D:5)
  8 orc wizards
  2 iguanas
  3 worker ants
  Ijyb (D:5)
  Robin (D:2)
  10 adders
  2 oozes
  An adder skeleton (D:4)
  4 worms
  A dart slug (D:2)
  3 leopard geckos
  15 orcs
  6 bats
  2 giant cockroaches
  19 goblins
  10 hobgoblins
  5 jackals (D:3)
  12 kobolds
  4 quokkas
  A ball python (D:1)
  6 frilled lizards
  A jackal skeleton (D:4)
  A quokka zombie (D:5)
  12 rats
144 creatures vanquished.

Vanquished Creatures (others)
  A quokka (D:3)
1 creature vanquished.

Grand Total: 145 creatures vanquished

Notes
Turn   | Place    | Note
-------+----------+-------------------------------------------
     0 | D:1      | Gorglomux the Naga Transmuter began the quest for the Orb.
     0 | D:1      | Reached XP level 1. HP: 18/18 MP: 3/3
   226 | D:1      | Reached XP level 2. HP: 25/25 MP: 5/5
   255 | D:1      | Learned a level 2 spell: Sticks to Snakes
   799 | D:2      | Reached XP level 3. HP: 17/32 MP: 6/6
   984 | D:2      | Learned a level 3 spell: Spider Form
  1176 | D:2      | Found a basalt altar of Yredelemnul.
  1177 | D:2      | Noticed Robin
  1194 | D:2      | Reached skill level 4 in Unarmed Combat
  1436 | D:2      | Killed Robin
  1436 | D:2      | Reached XP level 4. HP: 20/39 MP: 7/7
  1568 | D:2      | Reached skill level 1 in Poison Magic
  1829 | D:2      | Found a glowing silver altar of Zin.
  1964 | D:2      | Found a radiant altar of Vehumet.
  1965 | D:2      | Found a sparkling altar of Nemelex Xobeh.
  2005 | D:2      | Found a blossoming altar of Fedhas.
  2552 | D:3      | Found a white marble altar of Elyvilon.
  2582 | D:3      | Reached XP level 5. HP: 45/45 MP: 8/8
  2596 | D:3      | Reached skill level 3 in Transmutations
  2618 | D:3      | Reached skill level 5 in Unarmed Combat
  2916 | D:3      | Found a hide-covered altar of Uskayaw.
  2984 | D:3      | Reached XP level 6. HP: 39/52 MP: 9/9
  3290 | D:3      | Found a shadowy altar of Dithmenos.
  3962 | D:4      | Found a glowing golden altar of the Shining One.
  4274 | D:4      | Found a shimmering altar of Xom.
  4419 | D:4      | Reached XP level 7. HP: 54/60 MP: 10/10
  4423 | D:4      | Reached skill level 6 in Unarmed Combat
  4556 | D:5      | Entered Level 5 of the Dungeon
  4580 | D:5      | Noticed Ijyb
  4594 | D:5      | Killed Ijyb
  4626 | D:5      | Found Gozag's Platinum Reserve.
  4634 | D:5      | Found an opulent altar of Gozag.
  4821 | D:5      | Reached skill level 7 in Unarmed Combat
  4821 | D:5      | Reached XP level 8. HP: 54/67 MP: 11/11
  4872 | D:5      | Found a staircase to the Ecumenical Temple.
  4877 | Temple   | Entered the Ecumenical Temple
  4885 | Temple   | Became a worshipper of Cheibriados the Contemplative
  4907 | D:5      | Reached skill level 6 in Transmutations
  5946 | D:6      | Reached skill level 8 in Unarmed Combat
  6098 | D:6      | Noticed a purple ugly thing
  6103 | D:6      | Reached * piety under Cheibriados
  6111 | D:6      | HP: 1/67 [orc/mace (7)]
  6111 | D:6      | Mangled by a purple ugly thing

Skill      XL: |  1  2  3  4  5  6  7  8 |
---------------+-------------------------+-----
Unarmed Combat | 4 5 7 8 |  8.0
Fighting       | 2 |  2.0
Poison Magic   | 1 |  1.1
Transmutations | 3 4 5 7 |  7.1
Dodging        | |  1.5
Spellcasting   | |  2.0

Action                   |  1- 3 |  4- 6 |  7- 9 || total
-------------------------+-------+-------+-------++-------
Melee: Unarmed           |   103 |   191 |   145 ||   439
       Headbutt          |     5 |     1 |       ||     6
       Punch             |     1 |       |     2 ||     3
 Cast: Beastly Appendage |     9 |     1 |       ||    10
       Spider Form       |     1 |    25 |    21 ||    47
       Sticks to Snakes  |       |       |     2 ||     2
 Abil: Spit Poison       |    27 |     9 |     2 ||    38
       End Transformatio |       |       |     1 ||     1
  Use: Scroll            |     1 |       |     7 ||     8
       Potion            |       |       |     2 ||     2
 Stab: Distracted        |       |       |     2 ||     2
       Sleeping          |       |       |     1 ||     1
  Eat: Chunk             |     3 |    12 |     9 ||    24
Armor: Robe              |    17 |    16 |     2 ||    35
       Skin              |     1 |     6 |     8 ||    15
Dodge: Dodged            |    80 |   117 |   105 ||   302
